 Dungeon Crawl Stone Soup version 0.26.1-2-gb8aa6d0cf2 (webtiles) character file.

Game seed: 2092849022719335997

14669 Hybris2 the Carver (level 12, -9/107 HPs)
             Began as a Hill Orc Fighter on Feb 9, 2021.
             Was a High Priest of Okawaru.
             Mangled by a 16-headed hydra (12 damage)
             ... on level 1 of the Lair of Beasts on Feb 10, 2021.
             The game lasted 01:03:50 (14677 turns).

Hybris2 the Carver (Hill Orc Fighter)              Turns: 14677, Time: 01:03:51

Health: -9/107     AC: 20    Str: 24    XL:     12   Next: 18%
Magic:  12/12      EV:  6    Int:  8    God:    Okawaru [*****.]
Gold:   558        SH: 10    Dex: 12    Spells: 11/11 levels left

rFire    . . .     SeeInvis .   y - +11 long sword of Werghac {vorpal, Stlth+}
rCold    + . .     Faith    .   c - +1 kite shield
rNeg     . . .     Spirit   .   J - +0 chain mail
rPois    .         Reflect  .   L - +2 hood of the Assassin {Detection Stab+ Stlth++}
rElec    .         Harm     .   (no cloak)
rCorr    .         Rampage  .   r - +2 pair of gloves
Will     .....                  b - +2 pair of boots of the Archfiend {rC+}
Stlth    +++.......             (no amulet)
HPRegen  0.00/turn              m - ring of stealth
MPRegen  0.13/turn              o - ring of flight

@: no status effects
A: hooves 1, thin skeletal structure 1, inhibited regeneration
a: Renounce Religion, Evoke Flight, Heroism, Finesse


You were on level 1 of the Lair of Beasts.
You worshipped Okawaru.
Okawaru was extremely pleased with you.
You visited 3 branches of the dungeon, and saw 12 of its levels.
You also visited: Bailey.

You collected 862 gold pieces.
You spent 304 gold pieces at shops.

Inventory:

Hand Weapons
 a - a +1 war axe
 k - a +1 dire flail of holy wrath
 y - the +11 long sword of Werghac (weapon) {vorpal, Stlth+}
   (You found it on level 5 of the Dungeon)

   It inflicts extra damage upon your enemies.
   It makes you more stealthy.
 Q - a +5 vampiric war axe
Armour
 b - the +2 pair of boots of the Archfiend (worn) {rC+}
   (Okawaru gifted it to you on level 1 of the Lair of Beasts)

   It protects you from cold.
 c - a +1 kite shield (worn)
 r - a +2 pair of gloves (worn)
 G - the +0 cloak "Muzepny" {Int+4 Dex-2 Stlth+}
   (You bought it in a shop on level 7 of the Dungeon)

   It affects your intelligence (+4).
   It affects your dexterity (-2).
   It makes you more stealthy.
 J - a +0 chain mail (worn)
 L - the +2 hood of the Assassin (worn) {Detection Stab+ Stlth++}
   (You found it on level 8 of the Dungeon)

   It makes you much more stealthy.
 N - a +0 troll leather armour
Jewellery
 m - a ring of stealth (left hand)
 o - a ring of flight (right hand)
 F - an uncursed ring of see invisible {unknown}
Wands
 j - a wand of enslavement (7) (quivered)
 K - a wand of digging (5)
 O - a wand of acid (9)
Scrolls
 e - 2 scrolls of enchant armour
 i - 2 scrolls of identify
 n - a scroll of immolation {unknown}
 q - a scroll of enchant weapon
 s - a scroll of amnesia {unknown}
 u - a scroll of remove curse
 v - a scroll of noise {unknown}
 w - a scroll of fear {unknown}
 x - 2 scrolls of magic mapping {unknown}
 A - a scroll of fog {unknown}
Potions
 d - 3 potions of might
 f - 6 potions of curing
 g - 3 potions of brilliance {unknown}
 h - a potion of resistance {unknown}
 p - 2 potions of haste {unknown}
 t - a potion of mutation
 z - 2 potions of lignification {unknown}
 B - a potion of flight {unknown}
 C - a potion of cancellation {unknown}
 E - a potion of ambrosia {unknown}
 H - a potion of magic {unknown}
Miscellaneous
 P - a phantom mirror


   Skills:
 - Level 10.3 Fighting
 * Level 14.6 Long Blades
 - Level 10.1 Axes
 + Level 9.2 Armour
 - Level 3.2 Shields


You had 11 spell levels left.
You didn't know any spells.
Your spell library contained the following spells:

 Spells                   Type           Power        Failure   Level
 Animate Skeleton         Necr           0%           100%        1
 Beastly Appendage        Tmut           0%           100%        1
 Pain                     Necr           0%           100%        1
 Wereblood                Tmut           0%           100%        2
 Spider Form              Tmut/Pois      0%           100%        3
 Vampiric Draining        Necr           0%           100%        3
 Animate Dead             Necr           0%           100%        4
 Ice Form                 Ice/Tmut       0%           100%        4
 Agony                    Necr           0%           100%        5
 Blade Hands              Tmut           0%           100%        5


Dungeon Overview and Level Annotations

Branches:
Dungeon (10/15)            Temple (1/1) D:4            Lair (1/6) D:10
    Orc (0/2) D:9          Bailey (visited)

Altars:
Ashenzari
Cheibriados
Dithmenos
Elyvilon
Fedhas
Gozag
Hepliaklqana
Kikubaaqudgha
Makhleb
Nemelex Xobeh
Okawaru
Qazlal
Ru
Sif Muna
Trog
Uskayaw
Vehumet
Wu Jian
Xom
Yredelemnul
Zin
The Shining One

Shops:
D:5 }   D:7 [   D:9 }

Annotations:
D:5 3 runed translucent doors, puimuR's ghost, amateur HOMo


Innate Abilities, Weirdness & Mutations

You have large cloven feet.
You have a somewhat thin skeletal structure. (Dex +2, Stealth)
You do not regenerate when monsters are visible.


Message History

The 16-headed hydra bites you but does no damage.
You feel like a meek peon again.
A 16-headed hydra is nearby!
A 16-headed hydra is nearby!
Unknown command.
There is an open door here.
There is an open door here.
There is an open door here.
There is an open door here.
There is an open door here.
There is an open door here.
You block the 16-headed hydra's attack. The 16-headed hydra bites you!
* * * LOW HITPOINT WARNING * * *
The 16-headed hydra bites you.
* * * LOW HITPOINT WARNING * * *
You block the 16-headed hydra's attack. The 16-headed hydra barely misses you.
You block the 16-headed hydra's attack.
The 16-headed hydra bites you but does no damage.
You block the 16-headed hydra's attack. The 16-headed hydra bites you!
You die...

......P..# #P.#.#####
........## #..##
......P## ##.## ......#
#..#
.#.##.############.####
.........##[..........#
..>.......#...........#
(.....................#
................@.....#
.........###P.###D##.##
.........# ######.####
..#..###.# ##..# ###..#
### #..P### #....#
#####.###.### #'######
##...........# .......#
#............# (......#
#............#


You could see a 16-headed hydra.

Vanquished Creatures
  2 hydras (Lair:1)
  2 two-headed ogres
  An unseen horror (D:9)
  An oklob plant (D:10)
  A black mamba (Lair:1)
  3 cane toads (Lair:1)
  2 trolls (D:9)
  13 yaks
  6 humans (D:10)
  Edmund (D:6)
  4 water moccasins
  5 ice beasts
  3 phantoms
  2 necrophages
  11 orc warriors
  A sky beast (D:8)
  A hornet zombie (D:7)
  2 ogres
  5 centaurs
  Blork the orc (D:4)
  8 bullfrogs
  A gnoll sergeant (D:10)
  2 water moccasin zombies (D:8)
  5 scorpions
  13 killer bees
  12 wights
  3 hounds
  14 orc wizards
  12 orc priests
  2 gnoll shamans (D:5)
  A bullfrog skeleton (D:10)
  3 iguanas
  10 worker ants
  A killer bee zombie (D:2)
  A hound zombie (D:7)
  A howler monkey zombie (D:10)
  16 gnolls
  A worker ant zombie (D:9)
  9 adders
  2 shadow imps
  2 white imps
  An ufetubus (D:5)
  3 oozes
  2 adder zombies
  3 worms
  3 dart slugs
  7 leopard geckos
  45 orcs
  9 giant cockroaches
  9 goblins
  4 hobgoblins
  7 jackals
  6 quokkas
  3 ball pythons
  7 bats
  9 frilled lizards
  7 kobolds
  A quokka zombie (D:7)
  A rat (D:1)
313 creatures vanquished.

Vanquished Creatures (collateral kills)
  A gnoll (D:10)
1 creature vanquished.

Vanquished Creatures (others)
  5 fungi (Lair:1)
  5 plants
10 creatures vanquished.

Grand Total: 324 creatures vanquished

Notes
Turn   | Place    | Note
-------+----------+-------------------------------------------
     0 | D:1      | Hybris2 the Hill Orc Fighter began the quest for the Orb.
     0 | D:1      | Reached XP level 1. HP: 19/19 MP: 1/1
   140 | D:1      | Reached XP level 2. HP: 20/27 MP: 2/2
   335 | D:1      | You fall into a shaft and drop 1 floor!
   335 | D:2      | Found a basalt altar of Yredelemnul.
   346 | D:2      | Reached XP level 3. HP: 25/33 MP: 3/3
   797 | D:2      | Reached XP level 4. HP: 41/41 MP: 4/4
   925 | D:1      | Reached skill level 5 in Axes
  1793 | D:3      | Reached XP level 5. HP: 47/47 MP: 5/5
  2287 | D:4      | Found a staircase to the Ecumenical Temple.
  2305 | D:4      | Reached skill level 5 in Fighting
  2344 | Temple   | Entered the Ecumenical Temple
  2512 | Temple   | Became a worshipper of Warmaster Okawaru
  2695 | D:4      | Reached XP level 6. HP: 37/56 MP: 6/6
  2981 | D:4      | Reached XP level 7. HP: 34/63 MP: 7/7
  3659 | D:4      | Noticed Blork the orc
  3679 | D:4      | Killed Blork the orc
  3737 | D:4      | Reached * piety under Okawaru
  4097 | D:5      | Entered Level 5 of the Dungeon
  4097 | D:5      | Found Lesos's Gadget Emporium.
  4290 | D:5      | Reached XP level 8. HP: 72/73 MP: 8/8
  4325 | D:5      | Reached skill level 10 in Axes
  4431 | D:5      | Found a runed translucent gate.
  4431 | D:5      | Found a runed translucent gate.
  4431 | D:5      | Found a runed translucent gate.
  4432 | D:5      | Noticed puimuR's ghost (amateur HOMo)
  4434 | D:5      | Got a pitted long sword
  4435 | D:5      | Identified the +11 long sword of Werghac {vorpal, Stlth+}
                  | (You found it on level 5 of the Dungeon)
  4460 | D:5      | Reached skill level 1 in Long Blades
  4673 | D:5      | Reached ** piety under Okawaru
  4726 | D:5      | Found a hazy altar of Hepliaklqana.
  4741 | D:5      | Reached skill level 2 in Long Blades
  4822 | D:5      | Reached skill level 3 in Long Blades
  5181 | D:5      | Found a white marble altar of Elyvilon.
  5332 | D:6      | Reached skill level 4 in Long Blades
  5591 | D:6      | Reached skill level 5 in Long Blades
  5620 | D:6      | Noticed Edmund
  5634 | D:6      | Reached XP level 9. HP: 32/82 MP: 9/9
  5995 | D:6      | Killed Edmund
  5996 | D:6      | Reached skill level 6 in Long Blades
  6713 | D:6      | Reached skill level 7 in Long Blades
  6830 | D:7      | Found a stormy altar of Qazlal.
  6885 | D:7      | Noticed a +0 dagger
  6891 | D:7      | Found a hide-covered altar of Uskayaw.
  6891 | D:7      | Noticed a +0 hand axe
  6914 | D:7      | Reached *** piety under Okawaru
  7024 | D:7      | Found a blossoming altar of Fedhas.
  7193 | D:7      | Found a radiant altar of Vehumet.
  7330 | D:7      | Found Daochos's Antique Armour Boutique.
  7501 | D:7      | Bought a polished cloak for 304 gold pieces
  7501 | D:7      | Identified the +0 cloak "Muzepny" {Int+4 Dex-2 Stlth+} (You
                  | bought it in a shop on level 7 of the Dungeon)
  7544 | D:8      | Reached skill level 8 in Long Blades
  7842 | D:8      | Reached skill level 10 in Fighting
  7891 | D:8      | Found a flagged portal.
  7906 | Bailey   | Entered a bailey
  8008 | Bailey   | Reached skill level 9 in Long Blades
  8015 | Bailey   | Reached XP level 10. HP: 74/93 MP: 7/10
  8648 | D:8      | Reached **** piety under Okawaru
  8716 | D:8      | Found the +2 hood of the Assassin {Detection Stab+ Stlth++}
  8817 | D:8      | Reached skill level 10 in Long Blades
  8837 | D:8      | Noticed a two-headed ogre
  8845 | D:8      | Killed a two-headed ogre
  9311 | D:9      | Reached ***** piety under Okawaru
  9425 | D:9      | Reached skill level 5 in Armour
  9654 | D:9      | Reached skill level 11 in Long Blades
  9870 | D:9      | Found Pusor's Gadget Shoppe.
  9992 | D:9      | Found an ornate altar of the Wu Jian Council.
 10644 | D:9      | Found a staircase to the Orcish Mines.
 10678 | D:10     | Entered Level 10 of the Dungeon
 10804 | D:9      | Upgraded the game from 0.26.0-10-g1f06aea511 to
                  | 0.26.1-2-gb8aa6d0cf2
 10896 | D:9      | Killed an unseen horror
 10897 | D:9      | Reached skill level 12 in Long Blades
 10897 | D:9      | Reached XP level 11. HP: 64/101 MP: 11/11
 11615 | D:10     | Received a gift from Okawaru
 11718 | D:10     | Noticed a two-headed ogre
 11757 | D:10     | Killed a two-headed ogre
 11950 | D:10     | Reached skill level 13 in Long Blades
 12326 | D:10     | Found a staircase to the Lair.
 12328 | D:10     | Noticed an oklob plant
 12348 | D:10     | Killed an oklob plant
 12348 | D:10     | Received a gift from Okawaru
 12880 | Lair:1   | Entered Level 1 of the Lair of Beasts
 12909 | Lair:1   | Noticed a five-headed hydra
 13129 | Lair:1   | Killed a 12-headed hydra
 13129 | Lair:1   | Received a gift from Okawaru
 13134 | Lair:1   | Got a pair of scorched boots {god gift}
 13364 | Lair:1   | Identified the +2 pair of boots of the Archfiend {rC+}
                  | (Okawaru gifted it to you on level 1 of the Lair of Beasts)
 13521 | Lair:1   | Reached skill level 14 in Long Blades
 13536 | Lair:1   | Reached XP level 12. HP: 106/107 MP: 12/12
 13585 | Lair:1   | Noticed a six-headed hydra
 13600 | Lair:1   | Killed a 17-headed hydra
 14196 | Lair:1   | Noticed an eight-headed hydra
 14554 | Lair:1   | Gained mutation: You do not regenerate when monsters are
                  | visible. [potion of mutation]
 14554 | Lair:1   | Gained mutation: You have a somewhat thin skeletal
                  | structure. (Dex +2, Stealth) [potion of mutation]
 14554 | Lair:1   | Gained mutation: You have large cloven feet. [potion of
                  | mutation]
 14677 | Lair:1   | HP: 5/107 [16-headed hydra (12)]
 14677 | Lair:1   | Mangled by a 16-headed hydra

Illustrated notes

Levels and vault maps discovered:
D:1:      minmay_arrival_arboretum_small, layout_loops_ring
D:2:      layout_basic, nicolae_overflow_crystal_walls, st_stairs_12
D:3:      layout_rooms
D:4:      layout_basic, minmay_temple_entry_water_ring, uniq_blork_the_orc
D:5:      layout_basic, lemuel_round_altar, general_overflow_altar,
          serial_shops, shop_statue, gammafunk_ghost_necromancy
D:6:      layout_basic, uniq_edmund
D:7:      layout_loops_ring, dancing_weapons_uskayaw, old_standard_altar,
          serial_shops, shop, basic_altar, grunt_qazlal_clouds
D:8:      wad_cavern_with_rooms, layout_rooms, enter_bailey_2, uniq_erica
D:9:      layout_basic, lemuel_round_altar, orc_0_dummy, serial_shops, shop
D:10:     layout_cross, dpeg_oklobed_lair, minmay_ruffians
Temple:   nicolae_temple_elliptical
Lair:1:   layout_roguey, ebering_ghost_inner_flame, st_stairs_13,
          lemuel_another_geyser, lemuel_fruit_fields, lemuel_fruit_fields

Skill      XL: |  1  2  3  4  5  6  7  8  9 10 11 12 |
---------------+-------------------------------------+-----
Axes           | 3 4 5 6 8 9 10 | 10.1
Fighting       | 4 5 6 7 8 10 | 10.3
Long Blades    | 5 9 12 14 | 14.6
Armour         | 6 8 9 |  9.2
Shields        | |  3.2

Action                   |  1- 3 |  4- 6 |  7- 9 | 10-12 || total
-------------------------+-------+-------+-------+-------++-------
Melee: War axe           |    75 |   183 |    72 |       ||   330
       Long sword        |       |       |   202 |   381 ||   583
Invok: Heroism           |       |       |     4 |    10 ||    14
 Abil: Evoke Flight      |       |       |       |     1 ||     1
Evoke: Wand              |       |       |       |     1 ||     1
  Use: Scroll            |       |     3 |     7 |     5 ||    15
       Potion            |       |     1 |     2 |     3 ||     6
 Stab: Sleeping          |       |       |     4 |     1 ||     5
Armor: Scale mail        |    38 |    71 |   103 |     5 ||   217
       Chain mail        |       |       |       |   302 ||   302
Dodge: Dodged            |    27 |    52 |    77 |   141 ||   297
Block: Kite shield       |    53 |    96 |   195 |   282 ||   626
       Rpst.: Long sword |       |       |    18 |    23 ||    41
